 Dungeon Crawl Stone Soup version 0.30-a0-141-g30f27751c5 (webtiles) character file.

Game seed: 16084225074088216715

105 qw the Chopper (level 4, -1/28 HPs)
             Began as a Gargoyle Fighter on Sept 25, 2022.
             Killed from afar by an orc wizard (4 damage)
             ... with a magic dart
             ... on level 3 of the Dungeon.
             The game lasted 00:00:42 (2267 turns).

qw the Chopper (Gargoyle Fighter)                   Turns: 2267, Time: 00:00:43

Health: -1/28      AC: 12    Str: 30    XL:     4   Next: 81%
Magic:  4/4        EV:  8    Int:  8    God:
Gold:   102        SH:  4    Dex:  9    Spells: 3/3 levels left

rFire   + . .      SeeInvis .    Y - +0 war axe
rCold   x . .      Faith    .    c - +0 buckler
rNeg    + . .      Spirit   .    k - +0 chain mail
rPois   inf        Reflect  .    (no helmet)
rElec   +          Harm     .    (no cloak)
rCorr   .          Rampage  .    (no gloves)
Will    .....                    (no boots)
Stlth   ..........               (no amulet)
HPRegen 0.09/turn                g - +6 ring of strength
MPRegen 0.09/turn                i - ring of Puwkou {Fire Str+2}

@: no status effects
A: sickness immunity, AC +3, negative energy resistance 1, electricity
resistance, torment resistance 1, petrification resistance
a: no special abilities


You were on level 3 of the Dungeon.
You visited 1 branch of the dungeon, and saw 3 of its levels.

You collected 102 gold pieces.


Innate Abilities, Weirdness & Mutations

You are immune to sickness and miasma.
Your stone body is resilient. (AC +3)
You are immune to poison.
You resist negative energy. (rN+)
You are resistant to electric shocks. (rElec)
You are resistant to unholy torment.
You are immune to petrification.


   Skills:
 - Level 3.2 Fighting
 + Level 4.4 Axes
 - Level 3.2 Armour
 - Level 3.2 Shields


You had 3 spell levels left.
You didn't know any spells.
Your spell library was empty.

Inventory:

Hand Weapons
 f - a +0 club
 Y - a +0 war axe (weapon)
Armour
 c - a +0 buckler (worn)
 k - a +0 chain mail (worn)
Jewellery
 g - a +6 ring of strength (left hand)
 i - the ring of Puwkou (right hand) {Fire Str+2}
   (You found it on level 2 of the Dungeon)

   [ring of fire]

   It enhances your fire magic.
   Str:       It affects your strength (+2).
   rF:        It protects you from fire.
   rC:        It makes you vulnerable to cold.
Potions
 d - a potion of might
 e - a potion of brilliance {unknown}

Dungeon Overview and Level Annotations

Branches:
Dungeon (3/15)

Altars:

Shops:
D:1 :


Message History

The orc priest calls down the wrath of Beogh upon you.
Beogh smites you!
Ouch! That really hurt!
You hear a shout!
The orc shouts!
An orc wizard comes into view. It is wielding a +0 dagger.
A quokka comes into view.
Found a trident.
The orc priest hits you with a +0 flail!
You barely miss the orc priest. You slash the orc priest!
You kill the orc priest!
You hit the orc.
You hear a shout!
The orc hits you with a +0 dagger.
The orc wizard casts a spell.
The orc wizard flickers and vanishes!
Deactivating autopickup; reactivate with Ctrl-A.
You hit the orc but do no damage.
The orc is almost dead.
You closely miss the quokka. The quokka barely misses you.
The orc hits you with a +0 dagger. The quokka closely misses you.
You hit the orc.
You kill the orc!
You closely miss the quokka.
The quokka bites you but does no damage.
Something hits you but does no damage.
You closely miss the quokka. You miss something. The quokka barely misses you.
Something hits you but does no damage.
An orc comes into view. It is wielding a +0 whip.
The quokka closely misses you.
You barely miss the quokka. You completely miss something.
The quokka barely misses you. Something hits you.
You closely miss the quokka. You miss something. You block the quokka's attack.
You hear some strange, mumbled words.
A magic dart appears from out of thin air!
The magic dart hits you.
You die...

... .. # .. #) ##.
..#.. # ..o## # #
#r{# #. ### #@#
#.########.. #.#
#....#..<... #.##
#......... #..###
#.........
##...####.##......
###......##>.....
#..######......
#### #......
#......


You could see an orc and a quokka.

Vanquished Creatures
  An orc priest (D:3)
  An adder (D:2)
  2 worms (D:2)
  2 dart slugs
  An orc (D:3)
  10 endoplasms
  3 goblins
  8 hobgoblins
  5 quokkas
  5 ball pythons
  5 bats
  4 frilled lizards
  6 kobolds
  3 rats (D:1)
56 creatures vanquished.

Notes
Turn   | Place    | Note
-------+----------+-------------------------------------------
     0 | D:1      | qw the Gargoyle Fighter began the quest for the Orb.
     0 | D:1      | Reached XP level 1. HP: 14/14 MP: 1/1
     0 | D:1      | 0 ||| qw: Version: 0.2-a-10-g399e6c4
     0 | D:1      | 0 ||| qw: Game counter: 379
     0 | D:1      | 0 ||| qw: Always use a shield: true
     0 | D:1      | 0 ||| qw: God list: Okawaru
     0 | D:1      | 0 ||| qw: Allow faded altars: false
     0 | D:1      | 0 ||| qw: Do Orc after D:15 true
     0 | D:1      | 0 ||| qw: Do second Lair branch before Depths: true
     0 | D:1      | 0 ||| qw: Lair rune preference: random
     0 | D:1      | 0 ||| qw: Plans: Normal, Zot:1-4, God:TSO, Crypt, Tomb,
                  | Pan, Slime:5, Hells, Abyss, Orb
     0 | D:1      | 0 ||| PLANNING D:1-11
    39 | D:1      | Reached skill level 2 in Axes
   121 | D:1      | Reached XP level 2. HP: 19/19 MP: 2/2
   157 | D:1      | 157 ||| Stepping ~*~*~tactically~*~*~ (stealth).
   193 | D:1      | 193 ||| Stepping ~*~*~tactically~*~*~ (stealth).
   195 | D:1      | 195 ||| Stepping ~*~*~tactically~*~*~ (stealth).
   197 | D:1      | 197 ||| Stepping ~*~*~tactically~*~*~ (hiding).
   201 | D:1      | 201 ||| Stepping ~*~*~tactically~*~*~ (hiding).
   215 | D:1      | Reached skill level 3 in Axes
   456 | D:1      | Reached XP level 3. HP: 20/23 MP: 3/3
   563 | D:1      | Found a faded altar of an unknown god.
   574 | D:1      | Found Qeemopsa's Book Shoppe.
   663 | D:1      | 663 ||| Stepping ~*~*~tactically~*~*~ (stealth).
   945 | D:1      | 945 ||| UPGRADING to +6 ring of strength.
  1159 | D:2      | 1159 ||| Stepping ~*~*~tactically~*~*~ (stealth).
  1162 | D:2      | 1162 ||| Stepping ~*~*~tactically~*~*~ (stealth).
  1529 | D:2      | Reached XP level 4. HP: 28/28 MP: 4/4
  1820 | D:2      | Identified the ring of Puwkou {Fire Str+2}
  2033 | D:2      | Reached skill level 4 in Axes
  2148 | D:2      | 2148 ||| UPGRADING to +0 chain mail.
  2158 | D:2      | 2158 ||| DROPPING +0 scale mail.
  2159 | D:2      | 2159 ||| UPGRADING to ring of Puwkou {Fire Str+2}.
  2160 | D:2      | 2160 ||| READING 3 scrolls labelled UTOCZI OPLOPU.
  2161 | D:2      | 2161 ||| READING scroll labelled FYRUXY ILOCW.
  2162 | D:2      | 2162 ||| DROPPING 2 scrolls of immolation.
  2260 | D:3      | HP: 6/28 [orc priest/+0 flail (8)]
  2266 | D:3      | HP: 3/28 [something (1)]
  2267 | D:3      | Killed from afar by an orc wizard

Levels and vault maps discovered:
D:1:      eino_arrival_cavern_b, layout_rooms,
          shapermc_ecumenical_altar_flowoftime, serial_shops,
          nicolae_shop_trees, minmay_tromino_v7
D:2:      minmay_razor_zed, layout_loops_ring
D:3:      layout_rooms, mainiacjoe_overflow_24_doors

Skill      XL: |  1  2  3  4 |
---------------+-------------+-----
Axes           | 2 3 4 |  4.4
Fighting       | |  3.2
Armour         | |  3.2
Shields        | |  3.2

Action                   |  1- 3 |  4- 6 || total
-------------------------+-------+-------++-------
Melee: War axe           |    95 |    40 ||   135
  Use: Scroll            |       |     2 ||     2
Armor: Scale mail        |    48 |    17 ||    65
       Chain mail        |       |     4 ||     4
Dodge: Dodged            |    30 |    16 ||    46
Block: Buckler           |    20 |    12 ||    32

Table legend:
 A = Non-vault XP
 B = Vault XP
 C = Vault XP percentage of total XP
 D = Non-vault monster count
 E = Vault monster count
 F = Vault count percentage of total count
                 A         B        C        D         E       F
            +---------+---------+-------+---------+---------+-------
      Total |     109 |      41 |  27.3 |      40 |      16 |  28.6
            +---------+---------+-------+---------+---------+-------
        D:1 |      41 |       6 |  12.8 |      25 |       4 |  13.8
        D:2 |      22 |      35 |  61.4 |      12 |      12 |  50.0
        D:3 |      46 |       0 |   0.0 |       3 |       0 |   0.0
            +---------+---------+-------+---------+---------+-------
